TOP OF THE 1ST |
Irvine Gang Green batting - Pitching for Maui Tropics : RHP Pat Stuckey
|
Pitching: RHP Pat Stuckey
|
|
Batting: LHB Tony Tavárez
|
0-0: Called Strike 0-1: Foul Ball, location: 2F 0-2: Ball 1-2: Ball 2-2: Fly out, F7 (Flyball, 7M)
|
Batting: RHB José García
|
0-0: Ball 1-0: Swinging Strike 1-1: Called Strike 1-2: Foul Ball, location: 2F 1-2: Strikes out swinging
|
Batting: LHB Jesús Campos
|
0-0: Ball 1-0: Swinging Strike 1-1: Foul Ball, location: 2F 1-2: Strikes out looking
|
Top of the 1st over - 0 run(s), 0 hit(s), 0 error(s), 0 left on base; Irvine 0 - Maui 0 |
BOTTOM OF THE 1ST |
Maui Tropics batting - Pitching for Irvine Gang Green : LHP Masutaro Koyama
|
Pitching: LHP Masutaro Koyama
|
|
Batting: RHB António Martínez
|
0-0: Foul Ball, location: 2F 0-1: Ball 1-1: Ground out 4-3 (Groundball, 4)
|
Batting: RHB Jesús Espinoza
|
0-0: Ground out 6-3 (Groundball, 6)
|
Batting: RHB Juan Jose Guevana
|
0-0: Swinging Strike 0-1: Ball 1-1: Foul Ball, location: 2F 1-2: Ball 2-2: Strikes out looking
|
Bottom of the 1st over - 0 run(s), 0 hit(s), 0 error(s), 0 left on base; Irvine 0 - Maui 0 |
TOP OF THE 2ND |
Irvine Gang Green batting - Pitching for Maui Tropics : RHP Pat Stuckey
|
Batting: LHB Leonardo Medina
|
0-0: Ball 1-0: Called Strike 1-1: Ball 2-1: Foul Ball, location: 2F 2-2: Ball 3-2: Strikes out looking
|
Batting: RHB Oliver Hernández
|
0-0: Ball 1-0: Called Strike 1-1: Foul Ball, location: 2F 1-2: Ball 2-2: Strikes out swinging
|
Batting: LHB Bill Murphy
|
0-0: Foul Ball, location: 2F 0-1: Ball 1-1: Ball 2-1: Ball 3-1: Called Strike 3-2: Foul Ball, location: 2F 3-2: Base on Balls
|
Batting: LHB Lorenzo Quintanilla
|
0-0: Ball 1-0: Foul Ball, location: 2F 1-1: Called Strike 1-2: Foul Ball, location: 2F 1-2: Fly out, F8 (Flyball, 8LD)
|
Top of the 2nd over - 0 run(s), 0 hit(s), 0 error(s), 1 left on base; Irvine 0 - Maui 0 |
BOTTOM OF THE 2ND |
Maui Tropics batting - Pitching for Irvine Gang Green : LHP Masutaro Koyama
|
Batting: RHB Ximena Campos
|
0-0: Ball 1-0: Swinging Strike 1-1: Called Strike 1-2: Strikes out swinging
|
Batting: RHB Phil White
|
0-0: Called Strike 0-1: Called Strike 0-2: Foul Ball, location: 2F 0-2: Strikes out swinging
|
Batting: LHB Doyle Otterburn
|
0-0: Called Strike 0-1: Ball 1-1: Ball 2-1: SINGLE (Groundball, 34)
|
Batting: RHB Armando Martínez
|
0-0: Called Strike 0-1: Ball 1-1: Ball 2-1: Fielders Choice at 2nd, 6-4 (Groundball, 6)
|
Bottom of the 2nd over - 0 run(s), 1 hit(s), 0 error(s), 0 left on base; Irvine 0 - Maui 0 |
TOP OF THE 3RD |
Irvine Gang Green batting - Pitching for Maui Tropics : RHP Pat Stuckey
|
Batting: RHB José Salazar
|
0-0: Foul Ball, location: 2F 0-1: Foul Ball, location: 2F 0-2: Ball 1-2: SINGLE (Line Drive, 8LS)
|
Batting: RHB Earl Wiggins
|
0-0: Ball 1-0: Called Strike 1-1: SINGLE (Line Drive, 4MD) José Salazar to second
|
Batting: LHB Tony Tavárez
|
0-0: Fielders Choice at 2nd, 4-6 (Groundball, 34) José Salazar to third
|
Batting: RHB José García
|
0-0: Ball Tony Tavárez is caught stealing 2nd base 1-0: Called Strike 1-1: Ground out 3-4 (Groundball, 3S)
|
Top of the 3rd over - 0 run(s), 2 hit(s), 0 error(s), 1 left on base; Irvine 0 - Maui 0 |
BOTTOM OF THE 3RD |
Maui Tropics batting - Pitching for Irvine Gang Green : LHP Masutaro Koyama
|
Batting: LHB Javier Espinoza
|
0-0: Ball 1-0: Swinging Strike 1-1: Ball 2-1: Foul Ball, location: 2F 2-2: Foul Ball, location: 2F 2-2: Strikes out looking
|
Batting: RHB Jung-ha Kim
|
0-0: Ball 1-0: Swinging Strike 1-1: Ball 2-1: Foul Ball, location: 2F 2-2: Foul Ball, location: 2F 2-2: Foul Ball, location: 2F 2-2: Strikes out swinging
|
Batting: RHB António Martínez
|
0-0: Ball 1-0: Called Strike 1-1: Ball 2-1: Ball 3-1: Foul Ball, location: 2F 3-2: Foul Ball, location: 2F 3-2: Foul Ball, location: 2F 3-2: Reached on Error, E5 (Popup, 25)
|
Batting: RHB Jesús Espinoza
|
0-0: Ball 1-0: Ball 2-0: Foul Ball, location: 2F 2-1: Swinging Strike 2-2: Strikes out looking
|
Bottom of the 3rd over - 0 run(s), 0 hit(s), 1 error(s), 1 left on base; Irvine 0 - Maui 0 |
TOP OF THE 4TH |
Irvine Gang Green batting - Pitching for Maui Tropics : RHP Pat Stuckey
|
Batting: LHB Jesús Campos
|
0-0: Called Strike 0-1: Called Strike 0-2: Foul Ball, location: 2F 0-2: Ball 1-2: Ball 2-2: Ball 3-2: Foul Ball, location: 2F 3-2: Foul Ball, location: 2F 3-2: Foul Ball, location: 2F 3-2: Foul Ball, location: 2F 3-2: Base on Balls
|
Batting: LHB Leonardo Medina
|
0-0: Ball 1-0: Ball 2-0: Ball 3-0: Called Strike 3-1: Base on Balls Jesús Campos to second
|
Batting: RHB Oliver Hernández
|
0-0: Ball 1-0: Ball 2-0: Ball 3-0: Called Strike 3-1: Called Strike 3-2: Strikes out swinging
|
Batting: LHB Bill Murphy
|
0-0: Swinging Strike 0-1: Ball 1-1: Called Strike 1-2: Ball 2-2: Strikes out swinging
|
Batting: LHB Lorenzo Quintanilla
|
0-0: Ball 1-0: Ball 2-0: Called Strike 2-1: Ball 3-1: Base on Balls Jesús Campos to third Leonardo Medina to second
|
Batting: RHB José Salazar
|
0-0: Ball 1-0: Foul Ball, location: 2F 1-1: Swinging Strike 1-2: Fly out, F9 (Flyball, 9D)
|
Top of the 4th over - 0 run(s), 0 hit(s), 0 error(s), 3 left on base; Irvine 0 - Maui 0 |
BOTTOM OF THE 4TH |
Maui Tropics batting - Pitching for Irvine Gang Green : LHP Masutaro Koyama
|
Batting: RHB Juan Jose Guevana
|
0-0: Called Strike 0-1: Ball 1-1: Called Strike 1-2: Ball 2-2: Ball 3-2: Foul Ball, location: 2F 3-2: Foul Ball, location: 2F 3-2: Foul Ball, location: 2F 3-2: Foul Ball, location: 2F 3-2: Strikes out looking
|
Batting: RHB Ximena Campos
|
0-0: Ball 1-0: SOLO HOME RUN (Flyball, 7D), Distance : 367 ft
|
Batting: RHB Phil White
|
0-0: SINGLE (Line Drive, 7LS)
|
Batting: LHB Doyle Otterburn
|
0-0: Called Strike 0-1: Ball 1-1: Swinging Strike 1-2: Foul Ball, location: 2F 1-2: Strikes out swinging
|
Batting: RHB Armando Martínez
|
0-0: Called Strike 0-1: Called Strike 0-2: Ball 1-2: Strikes out looking
|
Bottom of the 4th over - 1 run(s), 2 hit(s), 0 error(s), 1 left on base; Irvine 0 - Maui 1 |
TOP OF THE 5TH |
Irvine Gang Green batting - Pitching for Maui Tropics : RHP Pat Stuckey
|
Batting: RHB Earl Wiggins
|
0-0: Ball 1-0: Called Strike 1-1: Swinging Strike 1-2: Strikes out swinging
|
Batting: LHB Tony Tavárez
|
0-0: Ball 1-0: Called Strike 1-1: Foul Ball, location: 2F 1-2: Strikes out looking
|
Batting: RHB José García
|
0-0: Called Strike 0-1: Ball 1-1: Bunt for hit - play at first, batter safe!
|
Pitching: RHP Norman White
|
|
Batting: LHB Jesús Campos
|
0-0: Ball 1-0: Called Strike 1-1: Ball 2-1: Called Strike 2-2: Strikes out looking
|
Top of the 5th over - 0 run(s), 1 hit(s), 0 error(s), 1 left on base; Irvine 0 - Maui 1 |
BOTTOM OF THE 5TH |
Maui Tropics batting - Pitching for Irvine Gang Green : LHP Masutaro Koyama
|
Batting: LHB Javier Espinoza
|
0-0: Ball 1-0: Called Strike 1-1: Ball 2-1: Foul Ball, location: 2F 2-2: Fly out, F7 (Flyball, 7M)
|
Batting: RHB Jung-ha Kim
|
0-0: Fly out, F5 (Popup, 5)
|
Batting: RHB António Martínez
|
0-0: Ball 1-0: Called Strike 1-1: Ball 2-1: Foul Ball, location: 2F 2-2: Ground out 4-3 (Groundball, 4)
|
Bottom of the 5th over - 0 run(s), 0 hit(s), 0 error(s), 0 left on base; Irvine 0 - Maui 1 |
TOP OF THE 6TH |
Irvine Gang Green batting - Pitching for Maui Tropics : RHP Norman White
|
Batting: LHB Leonardo Medina
|
0-0: Called Strike 0-1: Swinging Strike 0-2: Ball 1-2: Ball 2-2: Strikes out swinging
|
Batting: RHB Oliver Hernández
|
0-0: Fly out, F9 (Flyball, 89M)
|
Batting: LHB Bill Murphy
|
0-0: Ball 1-0: Swinging Strike 1-1: Bunt for hit - play at first, batter safe!
|
Batting: LHB Lorenzo Quintanilla
|
0-0: Called Strike 0-1: Swinging Strike 0-2: Strikes out swinging
|
Top of the 6th over - 0 run(s), 1 hit(s), 0 error(s), 1 left on base; Irvine 0 - Maui 1 |
BOTTOM OF THE 6TH |
Maui Tropics batting - Pitching for Irvine Gang Green : LHP Masutaro Koyama
|
Batting: RHB Jesús Espinoza
|
0-0: Called Strike 0-1: Called Strike 0-2: Strikes out swinging
|
Batting: RHB Juan Jose Guevana
|
0-0: Ball 1-0: Ball 2-0: Foul Ball, location: 2F 2-1: Swinging Strike 2-2: Strikes out looking
|
Batting: RHB Ximena Campos
|
0-0: Ball 1-0: Swinging Strike 1-1: Ball 2-1: Swinging Strike 2-2: Reached on error, E6 (Groundball, 6S)
|
Batting: RHB Phil White
|
0-0: Ball 1-0: Ball 2-0: Foul Ball, location: 2F 2-1: Ball 3-1: Called Strike 3-2: Base on Balls Ximena Campos to second
|
Batting: LHB Doyle Otterburn
|
0-0: Swinging Strike 0-1: Ball 1-1: Foul Ball, location: 2F 1-2: Foul Ball, location: 2F 1-2: Ball 2-2: Foul Ball, location: 2F 2-2: Ground out U3 (Groundball, 3)
|
Bottom of the 6th over - 0 run(s), 0 hit(s), 1 error(s), 2 left on base; Irvine 0 - Maui 1 |
TOP OF THE 7TH |
Irvine Gang Green batting - Pitching for Maui Tropics : RHP Norman White
|
Batting: RHB José Salazar
|
0-0: Ball 1-0: Fly out, F9 (Flyball, 9S)
|
Batting: RHB Earl Wiggins
|
0-0: Called Strike 0-1: Ground out 5-3 (Groundball, 5S)
|
Batting: LHB Tony Tavárez
|
0-0: Ball 1-0: Ball 2-0: Called Strike 2-1: Ball 3-1: Foul Ball, location: 2F 3-2: Foul Ball, location: 2F 3-2: Strikes out looking
|
Top of the 7th over - 0 run(s), 0 hit(s), 0 error(s), 0 left on base; Irvine 0 - Maui 1 |
BOTTOM OF THE 7TH |
Maui Tropics batting - Pitching for Irvine Gang Green : LHP Masutaro Koyama
|
Pitching: RHP Lorenzo Ramos
|
|
Batting: RHB Armando Martínez
|
0-0: Ball 1-0: Ball 2-0: Swinging Strike 2-1: Foul Ball, location: 2F 2-2: Ball 3-2: Fly out, F8 (Line Drive, 8LM)
|
Pitching: LHP José Gómez
|
|
Batting: LHB Javier Espinoza
|
0-0: Ball 1-0: Ball 2-0: Called Strike 2-1: Ball 3-1: SINGLE (Line Drive, 8LS)
|
Pitching: LHP Howard Bailey
|
|
Pinch Hitting: RHB Damian Yates
|
0-0: Ball 1-0: Swinging Strike 1-1: Foul Ball, location: 2F 1-2: TRIPLE (Line Drive, 8LM) Javier Espinoza scores
|
Batting: RHB António Martínez
|
0-0: Called Strike 0-1: Called Strike 0-2: Foul Ball, location: 2F 0-2: Ball 1-2: Strikes out swinging
|
Batting: RHB Jesús Espinoza
|
0-0: Ground out 1-3 (Groundball, 13S)
|
Bottom of the 7th over - 1 run(s), 2 hit(s), 0 error(s), 1 left on base; Irvine 0 - Maui 2 |
TOP OF THE 8TH |
Irvine Gang Green batting - Pitching for Maui Tropics : RHP Norman White
|
Pitching: RHP Yong-taek Yi
|
|
Now in CF: Damian Yates
|
|
Batting: RHB José García
|
0-0: Ball 1-0: Ball 2-0: Ground out 6-3 (Groundball, 4M)
|
Batting: LHB Jesús Campos
|
0-0: Foul Ball, location: 2F 0-1: Called Strike 0-2: Reached on error, E4 (Groundball, 4)
|
Pitching: RHP Chuk-yan Zhuan
|
|
Batting: LHB Leonardo Medina
|
0-0: Ball 1-0: Ball 2-0: Ball 3-0: Base on Balls
|
Pinch Hitting: LHB Tom Baker
|
0-0: Called Strike 0-1: Foul Ball, location: 2F 0-2: Strikes out swinging
|
Batting: LHB Bill Murphy
|
0-0: Called Strike 0-1: Ball 1-1: Foul Ball, location: 2F 1-2: Ground out 1-3 (Groundball, 25)
|
Top of the 8th over - 0 run(s), 0 hit(s), 1 error(s), 2 left on base; Irvine 0 - Maui 2 |
BOTTOM OF THE 8TH |
Maui Tropics batting - Pitching for Irvine Gang Green : LHP Howard Bailey
|
Now at SS: Pepe González
|
|
Batting: RHB Juan Jose Guevana
|
0-0: Ball 1-0: Ball 2-0: Ball 3-0: Base on Balls
|
Batting: RHB Ximena Campos
|
0-0: Ball 1-0: Ball 2-0: Called Strike 2-1: Fly out, F5 (Line Drive, 5)
|
Batting: RHB Phil White
|
0-0: Ball 1-0: Foul Ball, location: 2F 1-1: Ball 2-1: Ball 3-1: Foul Ball, location: 2F 3-2: Strikes out swinging Juan Jose Guevana steals 2nd base Batter strikes out.
|
Batting: LHB Doyle Otterburn
|
0-0: Ball 1-0: Foul Ball, location: 2F 1-1: Fly out, F5 (Popup, 4S)
|
Bottom of the 8th over - 0 run(s), 0 hit(s), 0 error(s), 1 left on base; Irvine 0 - Maui 2 |
TOP OF THE 9TH |
Irvine Gang Green batting - Pitching for Maui Tropics : RHP Chuk-yan Zhuan
|
Pitching: RHP Junior Mateo
|
|
Now in LF: Mario Olivares
|
|
Batting: LHB Lorenzo Quintanilla
|
0-0: Foul Ball, location: 2F 0-1: Ball 1-1: Ball 2-1: Ball 3-1: Foul Ball, location: 2F 3-2: Base on Balls
|
Batting: RHB José Salazar
|
0-0: Ball 1-0: Called Strike 1-1: Grounds into double play, 6-4-3 (Groundball, 6)
|
Batting: RHB Earl Wiggins
|
0-0: Called Strike 0-1: Foul Ball, location: 2F 0-2: Foul Ball, location: 2F 0-2: Strikes out swinging
|
Top of the 9th over - 0 run(s), 0 hit(s), 0 error(s), 0 left on base; Irvine 0 - Maui 2 |
|